[Event "Late-Titled-Tuesday-Blitz-October-24-2023"]
[Site "Chess.com"]
[Date "2023.10.24"]
[Round "9"]
[White "KATPAH"]
[Black "dennisodessa"]
[Result "0-1"]
[WhiteElo "2633"]
[BlackElo "2568"]
[TimeControl "180+1"]
[EndTime "15:43:09 PDT"]
[Termination "dennisodessa won by checkmate"]

1. a4 e6 2. a5 Nf6 3. e3 c5 4. a6 Nxa6 5. Bxa6 bxa6 6. Nf3 d5 7. O-O Be7 8. d4 O-O 9. dxc5 Bxc5 10. Nbd2 Rb8 11. Nb3 Be7 12. Bd2 Bd7 13. Ne5 Ne4 14. Ba5 Qc8 15. Nd4 Rxb2 16. c4 dxc4 17. Rc1 Bb5 18. Ndc6 Bxc6 19. Rxc4 Nc5 20. Qd4 Rb5 21. Bb4 Rd8 22. Qf4 f6 23. Nxc6 Qxc6 24. Rfc1 Rc8 25. h4 a5 26. Ba3 Kf7 27. h5 Qd5 28.
h6 Qg5 29. Qd4 gxh6 30. g3 h5 31. Kh2 h4 32. Rg1 Rg8 33. e4 hxg3+ 34. Rxg3 Qh4+ 35. Kg2 Rxg3+ 36. fxg3 Qg4 37. Bxc5 Qe2+ 38. Kh3 Qh5+ 39. Kg2 Rxc5 40. Rxc5 Qxc5 41. Qd3 a4 42. Kh2 Qf2+ 43. Kh3 a3 44. e5 Qf5+ 45. Qxf5 exf5 46. e6+ Kxe6 47.
g4 fxg4+ 48. Kh4 a2 49. Kh5 a1=Q 50. Kh6 g3 51. Kg7 g2 52. Kh8 g1=Q 53. Kxh7 Qac1 54. Kh8 Qh6# 0-1

[Event "Late-Titled-Tuesday-Blitz-October-24-2023"]
[Site "Chess.com"]
[Date "2023.10.24"]
[Round "9"]
[White "R2D2PTY"]
[Black "APOKALIPSA13"]
[Result "1-0"]
[WhiteElo "2300"]
[BlackElo "2210"]
[TimeControl "180+1"]
[EndTime "15:43:09 PDT"]
[Termination "R2D2PTY won by checkmate"]

1. e4 e5 2. Nf3 d5 3. exd5 e4 4. Qe2 Nf6 5. Nc3 Be7 6. Nxe4 O-O 7. d3 Nxd5 8. Qd1 f5 9. Nc3 Bb4 10. Bd2 Bxc3 11. bxc3 Re8+ 12. Be2 Qe7 13. c4 Nf6 14. Be3 Nc6 15. Qd2 Bd7 16. Kf1 Ng4 17. Bf4 Qf6 18. d4 Re4 19. Rd1 Rae8 20. Bd3 h6 21. h3 g5 22. Bxe4 Rxe4 23. Be5 Ngxe5 24. dxe5 Nxe5 25. Nxe5 Qxe5 26. Qxd7 c6 27. Qd8+ Kg7 28. h4 Qc5 29. Qd7+ Kg8 30. Qd8+ Kf7 31. Rd7+ Kg6 32. h5# 1-0

[Event "Late-Titled-Tuesday-Blitz-October-24-2023"]
[Site "Chess.com"]
[Date "2023.10.24"]
[Round "9"]
[White "Skatchkov_V"]
[Black "ATM622"]
[Result "0-1"]
[WhiteElo "2531"]
[BlackElo "2427"]
[TimeControl "180+1"]
[EndTime "15:43:11 PDT"]
[Termination "ATM622 won by resignation"]

1. d4 Nf6 2. c4 e6 3. Nf3 d5 4. g3 dxc4 5. Bg2 c5 6. O-O cxd4 7.
Nxd4 Bc5 8. Be3 O-O 9. Nc3 e5 10. Nf5 Bxe3 11. Nxe3 Qd4 12. Qa4 a6 13. Qxc4 Nbd7 14.
Rfd1 Qxc4 15. Nxc4 Rb8 16. a4 b5 17. axb5 axb5 18. Nd6 b4 19. Ncb5 Nc5 20. Rac1 Nb3 21. Rc6 Bd7 22. Rd3 Bxc6 23. Bxc6 Nc5 24. Re3 Ng4 25. Rf3 Rb6 26. Bd5 Nf6 27. Bc4 Ne6 28. e3 Rd8 29. Rf5 Rdxd6 30. Nxd6 Rxd6 31. Rxe5 Rd2 32. b3 Ng4 33. Rb5 Nxf2 34. Rxb4 Nh3+ 35. Kh1 g6 36. Rb7 Neg5 37. b4 Nf3 38. Bxf7+ Kh8 0-1

[Event "Late-Titled-Tuesday-Blitz-October-24-2023"]
[Site "Chess.com"]
[Date "2023.10.24"]
[Round "9"]
[White "ChuckPhil"]
[Black "CraiggoryC"]
[Result "1-0"]
[WhiteElo "2527"]
[BlackElo "2200"]
[TimeControl "180+1"]
[EndTime "15:43:13 PDT"]
[Termination "ChuckPhil won on time"]

1. d4 e6 2. e4 d5 3. Nd2 Be7 4. Ngf3 Nf6 5. e5 Nfd7 6. Bd3 c5 7. c3 Nc6 8. O-O a5 9. Re1 cxd4 10. cxd4 Qb6 11. Qe2 g5 12. Nb3 g4 13. Ng5 a4 14.
Nc5 Nxd4 15. Qxg4 Bxc5 16. Nxf7 Rf8 17. Nd6+ Bxd6 18. exd6 Nf6 19. Qh4 Bd7 20. Be3 Qxd6 21. Bxd4 Qe7 22. Rac1 Rc8 23. Rxc8+ Bxc8 24. Rc1 Bd7 25.
Bc5 Qg7 26. Bxf8 Kxf8 27. Qb4+ Kf7 28. Qxb7 e5 29. Bb5 Qg5 30. Rf1 Ke7 31. Bxd7 Nxd7 32. Qxd5 Nf6 33. Qb7+ Ke6 34. Qa6+ Kf5 35. Qxa4 Ne4 36.
Qc2 Kf4 37. Qc1+ 1-0

[Event "Late-Titled-Tuesday-Blitz-October-24-2023"]
[Site "Chess.com"]
[Date "2023.10.24"]
[Round "9"]
[White "DanielNaroditsky"]
[Black "LiemLe"]
[Result "0-1"]
[WhiteElo "3194"]
[BlackElo "3003"]
[TimeControl "180+1"]
[EndTime "15:43:14 PDT"]
[Termination "LiemLe won by resignation"]

1. b3 d5 2. Bb2 Bf5 3. Nf3 e6 4. d3 h6 5. Nbd2 Nf6 6. g3 Bh7 7. Bg2 a5 8. a3 a4 9. b4 c5 10. bxc5 Bxc5 11. O-O Nc6 12. c4 O-O 13. Ne5 Qe7 14.
Ndf3 Bd6 15. Qc2 Rfc8 16. Nxc6 Rxc6 17. Ne5 Rb6 18. Bd4 Bc5 19. Bxc5 Qxc5 20. Rfb1 Rb3 21.
Rxb3 axb3 22. Qb2 Rc8 23. Rc1 b5 24. Qxb3 dxc4 25. Qc3 Nd5 26. Bxd5 exd5 27. Nf3 Ra8 28. Qb4 Qxb4 29. axb4 cxd3 30. exd3 Bxd3 31. Nd4 Bc4 32. Kg2 Ra4 33. Rb1 Kf8 34. Kf3 Ke7 35. Kf4 g6 36. h4 Kd6 37. h5 g5+ 38. Ke3 Ra3+ 39. Kd2 Rd3+ 40. Kc2 Rxd4 0-1

[Event "Late-Titled-Tuesday-Blitz-October-24-2023"]
[Site "Chess.com"]
[Date "2023.10.24"]
[Round "9"]
[White "Bauman_Guy"]
[Black "Lennis93"]
[Result "1-0"]
[WhiteElo "2924"]
[BlackElo "2768"]
[TimeControl "180+1"]
[EndTime "15:43:15 PDT"]
[Termination "Bauman_Guy won by checkmate"]

1. e4 c5 2. Nf3 Nc6 3. d4 cxd4 4. Nxd4 Nf6 5. Nc3 e5 6. Ndb5 d6 7. Bg5 a6 8. Na3 b5 9. Bxf6 gxf6 10. Nd5 Bg7 11. g3 f5 12. Bg2 O-O 13. exf5 e4 14. f6 Bxf6 15. c3 Bg7 16. O-O f5 17. f3 exf3 18.
Qxf3 Ra7 19. Nc2 Ne5 20. Qh5 Kh8 21. Nd4 Raf7 22. Nf4 Qd7 23. Nfe6 Rg8 24. Ng5 h6 25. Nxf7+ Nxf7 26. Nxf5 Qa7+ 27. Kh1 Bxf5 28. Qxf5 Ne5 29. Be4 Bf8 30. Qf6+ Bg7 31. Qxd6 Qe3 32. Rae1 Qg5 33. Qe6 Rd8 34. Re2 Qh5 35. Qf5 Qxf5 36. Bxf5 Nc4 37.
b3 Na3 38. Re6 a5 39. Bg6 Bxc3 40. Re8+ Rxe8 41. Bxe8 Kg7 42. Rf5 b4 43. Rxa5 Nc2 44. Rc5 Na3 45. Rc7+ Kf6 46. Rc6+ Kg5 47. h4+ Kg4 48. Kg2 Nc2 49. Bd7+ Kh5 50. Kh3 Ne3 51. Be8# 1-0

[Event "Late-Titled-Tuesday-Blitz-October-24-2023"]
[Site "Chess.com"]
[Date "2023.10.24"]
[Round "9"]
[White "aghasiyevkamal"]
[Black "BardArtem"]
[Result "0-1"]
[WhiteElo "2592"]
[BlackElo "2713"]
[TimeControl "180+1"]
[EndTime "15:43:15 PDT"]
[Termination "BardArtem won on time"]

1. c4 c6 2. Nc3 d5 3. e3 Nf6 4.
Nf3 a6 5. Be2 Bg4 6. h3 Bh5 7.
Qb3 Ra7 8. cxd5 cxd5 9. Qa4+ Nbd7 10. Qd4 Qb6 11. Nxd5 Qxd4 12. Nxd4 Nxd5 13. Bxh5 e5 14.
Nb3 a5 15. a4 Nb4 16. Kd1 Nc5 17. Nxc5 Bxc5 18. Be2 Ke7 19. b3 Rd8 20. Bb2 b6 21.
Bc4 Rad7 22. Bc3 f6 23. Ke2 Nd5 24. Bxd5 Rxd5 25. Rab1 Bb4 26. Rhd1 Rd3 27. Rbc1 R8d6 28. Rc2 Ke6 29. f3 f5 30. g4 g6 31. gxf5+ gxf5 32. Rg1 e4 33. fxe4 fxe4 34. Rg4 Kd5 35. Rg5+ Ke6 36. Rg4 Bxc3 37. dxc3 Kf5 38. Rf4+ Ke5 39. Rh4 Rg6 40. Rh5+ Ke6 41. Kf2 Rf6+ 42. Ke2 Rf3 43. Rxh7 Rdxe3+ 44. Kd2 Rd3+ 45. Ke2 Rg3 46. Kf2 Rdf3+ 0-1

[Event "Late-Titled-Tuesday-Blitz-October-24-2023"]
[Site "Chess.com"]
[Date "2023.10.24"]
[Round "9"]
[White "Apocalyps999"]
[Black "MatthewG-p4p"]
[Result "1/2-1/2"]
[WhiteElo "2380"]
[BlackElo "2907"]
[TimeControl "180+1"]
[EndTime "15:43:16 PDT"]
[Termination "Game drawn by repetition"]

1. e4 e6 2. d4 d5 3. Nd2 a6 4. Ngf3 Nf6 5. e5 Nfd7 6. Bd3 c5 7. c3 Nc6 8. O-O g5 9. dxc5 g4 10. Nd4 Ndxe5 11. N2b3 Nxd3 12. Qxd3 e5 13. Nxc6 bxc6 14.
Re1 Bg7 15. Bf4 f6 16. Nd4 Qd7 17. Bg3 O-O 18. Nc2 a5 19. b4 Ba6 20. Qd2 h5 21. a4 Rfe8 22. Ne3 f5 23. b5 cxb5 24.
Qxd5+ Qxd5 25. Nxd5 Rac8 26. axb5 Bxb5 27. Rxa5 Bc6 28. c4 f4 29. Bh4 Kf8 30. Ra7 Ra8 31. Rc7 Rec8 32. Rxc8+ Rxc8 33. Be7+ Kf7 34. Bd6 Re8 35.
Nc7 Rc8 36. Nd5 Bb7 37. Rb1 Ba6 38. Nb6 Rc6 39. Ra1 Bc8 40. Ra7+ Kg6 41. Nd5 Bf6 42. Be7 Bh8 43. Bd6 Bf6 44. Be7 Bg7 45. Bd6 Bf6 1/2-1/2

[Event "Late-Titled-Tuesday-Blitz-October-24-2023"]
[Site "Chess.com"]
[Date "2023.10.24"]
[Round "9"]
[White "Cryptochess"]
[Black "jcibarra"]
[Result "1-0"]
[WhiteElo "2657"]
[BlackElo "2904"]
[TimeControl "180+1"]
[EndTime "15:43:18 PDT"]
[Termination "Cryptochess won by checkmate"]

1. e4 Nc6 2. Nf3 d6 3. d4 Nf6 4. Nc3 g6 5. h3 Bg7 6. Be3 a6 7. a4 O-O 8. Be2 e6 9. O-O b6 10. Nd2 e5 11. d5 Nd4 12. Nf3 Nxe2+ 13. Qxe2 Nh5 14. a5 b5 15. Na2 Nf4 16. Bxf4 exf4 17.
c4 bxc4 18. Nb4 Bd7 19. Rfc1 Bb5 20. Qd2 Qf6 21. Rc2 Rfe8 22. Re1 g5 23. Nc6 h5 24.
Nfd4 g4 25. Nf5 Bh6 26. hxg4 hxg4 27. Qd1 f3 28. gxf3 Ba4 29. fxg4 Bf4 30. Qf3 Bxc2 31. Qxf4 Kf8 32. g5 Qg6 33. Qh4 Rxe4 34. Qh8+ Qg8 35. Qh6+ Ke8 36. Ng7+ Kf8 37. Nh5+ Ke8 38. Nf6# 1-0

[Event "Late-Titled-Tuesday-Blitz-October-24-2023"]
[Site "Chess.com"]
[Date "2023.10.24"]
[Round "9"]
[White "gahryman"]
[Black "whitemirrorninja"]
[Result "1-0"]
[WhiteElo "2685"]
[BlackElo "2578"]
[TimeControl "180+1"]
[EndTime "15:43:19 PDT"]
[Termination "gahryman won by resignation"]

1. e4 c5 2. Nf3 a6 3. c3 e6 4.
d4 d5 5. e5 Nc6 6. Bd3 Bd7 7. O-O Rc8 8. a3 cxd4 9. Re1 Nge7 10. h4 Nf5 11. Bxf5 exf5 12. cxd4 h6 13. Nc3 Be6 14.
Ne2 Be7 15. Nf4 Bxh4 16. Nxe6 fxe6 17. g3 Be7 18. Kg2 O-O 19. Rh1 Rf7 20. Bd2 Bf8 21.
Rc1 Ne7 22. Qb3 Rxc1 23. Rxc1 Nc6 24. Qd3 Qb6 25. Bc3 Rc7 26. Rh1 Qb3 27. g4 fxg4 28. Nd2 Qb6 29. Qg6 Nxd4 30. Rxh6 Nf5 31. Qh7+ Kf7 32.
Qxf5+ exf5 33. Rxb6 Bc5 34. e6+ Ke7 35. Bb4 Bxb4 36.
axb4 g5 37. Nb3 Rc4 38. Nc5 f4 39. Rxb7+ Ke8 40. Nd7 Ke7 41. Ne5+ Kxe6 42. Nxc4 dxc4 43. b5 axb5 44. Rxb5 Kf6 45. Rc5 c3 46. Rxc3 Kf5 47.
b4 g3 48. fxg3 Kg4 49. gxf4 gxf4 50. b5 1-0

[Event "Late-Titled-Tuesday-Blitz-October-24-2023"]
[Site "Chess.com"]
[Date "2023.10.24"]
[Round "9"]
[White "Karttunen"]
[Black "cthulhuuu"]
[Result "1-0"]
[WhiteElo "2573"]
[BlackElo "2419"]
[TimeControl "180+1"]
[EndTime "15:43:19 PDT"]
[Termination "Karttunen won by checkmate"]

1. Nf3 Nf6 2. c4 g6 3. g3 Bg7 4. Bg2 O-O 5. O-O d6 6. d3 c5 7. Nbd2 Nc6 8. a3 Rb8 9. Rb1 b6 10. b4 Bb7 11. Bb2 e6 12. b5 Ne7 13. e4 d5 14. Be5 dxe4 15. dxe4 Rc8 16. Qc2 Qd7 17.
Qb2 Ne8 18. Bxg7 Nxg7 19. Rfd1 Rcd8 20. Qa1 Qd3 21. Bf1 Qd7 22. Nb3 Qc7 23. Re1 f6 24. Bh3 e5 25. Rbd1 Nc6 26. bxc6 Bxc6 27. Rd5 Bxd5 28.
exd5 Ne8 29. Be6+ Kg7 30. h4 Nd6 31. Nbd2 Rfe8 32. g4 Qb7 33. Nxe5 fxe5 34. Qxe5+ Kh6 35. g5+ Kh5 36. Qe2+ Kxh4 37. Qg4# 1-0

[Event "Late-Titled-Tuesday-Blitz-October-24-2023"]
[Site "Chess.com"]
[Date "2023.10.24"]
[Round "9"]
[White "campochess"]
[Black "The_Princess_Moon"]
[Result "0-1"]
[WhiteElo "2206"]
[BlackElo "2328"]
[TimeControl "180+1"]
[EndTime "15:43:23 PDT"]
[Termination "The_Princess_Moon won by resignation"]

1. e4 c5 2. Nc3 a6 3. g3 b5 4. Bg2 Bb7 5. d3 b4 6. Nce2 d5 7. exd5 Bxd5 8. Nf3 Nf6 9. O-O e6 10. Nf4 Bb7 11. Re1 Be7 12. a3 a5 13. axb4 axb4 14. Rxa8 Bxa8 15. Nh4 Bxg2 16. Nhxg2 O-O 17. Qf3 Nbd7 18.
Qb7 Qa8 19. Qxa8 Rxa8 20. Bd2 Ra2 21. Rb1 e5 22. Ne2 Nd5 23. Nc1 Ra6 24. c3 f5 25.
Ne3 Nxe3 26. Bxe3 Kf7 27. cxb4 cxb4 28. d4 e4 29. Ne2 Nf6 30. Nf4 g5 31. Ng2 Nd5 32.
Bd2 Rc6 33. Ne3 Nxe3 34. Bxe3 Rc2 35. Kf1 Ke6 36. Ke1 b3 37. Kd1 h6 38. h3 Bd6 39. Bd2 Kd5 40. Ra1 Rxb2 41. Ra5+ Kc4 42. Rxf5 Kd3 43. Rd5 Rb1+ 44. Bc1 b2 0-1

[Event "Late-Titled-Tuesday-Blitz-October-24-2023"]
[Site "Chess.com"]
[Date "2023.10.24"]
[Round "9"]
[White "Mariia89"]
[Black "HouseOfDurin"]
[Result "1-0"]
[WhiteElo "2196"]
[BlackElo "2298"]
[TimeControl "180+1"]
[EndTime "15:43:23 PDT"]
[Termination "Mariia89 won by checkmate"]

1. d4 Nf6 2. Nf3 c5 3. d5 b5 4. c4 bxc4 5. Nc3 d6 6. e4 Nbd7 7. Bxc4 g6 8. O-O Bg7 9. Bf4 O-O 10. Qd2 Ng4 11. h3 Nge5 12. Nxe5 Nxe5 13. Be2 a5 14. Bh6 Ba6 15. Bxg7 Kxg7 16. f4 Nc4 17. Bxc4 Bxc4 18. Rfe1 a4 19. e5 dxe5 20. fxe5 Qb6 21. Kh1 Rfd8 22. Re3 Qb4 23. a3 Qa5 24. d6 exd6 25.
exd6 Ra6 26. Rd1 Bb3 27. d7 Bxd1 28. Qxd1 Ra7 29. Re7 Qc7 30. Qd5 Qf4 31. Ne4 Kf8 32. Qxc5 Qf1+ 33. Kh2 Qf4+ 34. Kg1 Raxd7 35. Rxd7+ Ke8 36.
Qe7# 1-0

[Event "Late-Titled-Tuesday-Blitz-October-24-2023"]
[Site "Chess.com"]
[Date "2023.10.24"]
[Round "9"]
[White "Darko-Dimitrijevic"]
[Black "Veleamater"]
[Result "1-0"]
[WhiteElo "2179"]
[BlackElo "2316"]
[TimeControl "180+1"]
[EndTime "15:43:24 PDT"]
[Termination "Darko-Dimitrijevic won by resignation"]

1. e4 d6 2. d4 g6 3. Nc3 Bg7 4. Bc4 Nf6 5. Bg5 O-O 6. Bb3 h6 7. Bf4 Nc6 8. Qd2 Kh7 9. Bg3 e5 10.
d5 Nd4 11. Nge2 a6 12. O-O-O Nxe2+ 13. Qxe2 b5 14. a3 Bd7 15. Kb1 Rb8 16. f3 a5 17.
Bf2 b4 18. axb4 Rxb4 19. Qa6 Qa8 20. Qxa8 Rxa8 21. Na2 Rb7 22. Be3 Bb5 23. Nc3 a4 24. Ba2 Bd7 25. Bc4 Rab8 26. Bc1 Nh5 27. g3 Rb4 28. Be2 f5 29. Ka1 Nf6 30. Bd3 c5 31. dxc6 Bxc6 32. exf5 gxf5 33. Bxf5+ Kh8 34. Rhf1 d5 35. Ka2 e4 36. fxe4 Nxe4 37. Nxe4 Rxb2+ 38. Bxb2 Rxb2+ 39. Ka3 dxe4 40. Rd8+ Bf8+ 41. Rxf8+ Kg7 42.
Kxb2 1-0

[Event "Late-Titled-Tuesday-Blitz-October-24-2023"]
[Site "Chess.com"]
[Date "2023.10.24"]
[Round "9"]
[White "PNEPaul"]
[Black "protectiago"]
[Result "1-0"]
[WhiteElo "1870"]
[BlackElo "2042"]
[TimeControl "180+1"]
[EndTime "15:43:25 PDT"]
[Termination "PNEPaul won by checkmate"]

1. e4 e5 2. Nf3 Nc6 3. Bc4 Bc5 4. b4 Bxb4 5. c3 Ba5 6. d4 d6 7. d5 Nce7 8. Qa4+ c6 9. dxc6 bxc6 10. Qb3 d5 11. exd5 cxd5 12. Bb5+ Bd7 13. Nxe5 Nf6 14. Nxd7 Nxd7 15. Qa4 Rb8 16. Bxd7+ Qxd7 17. Qxa5 Qf5 18. Qa4+ Kf8 19. Na3 Qe5+ 20. Kd2 h5 21. Re1 Qf6 22. Re2 Rh6 23. Qd4 Qa6 24. Ke1 Rg6 25. Nc2 Re8 26.
Ba3 Re6 27. Rxe6 Qxe6+ 28. Qe3 Qd7 29. Kf1 Kg8 30. Bxe7 Rxe7 31. Qd4 Re4 32. Qd3 Qa4 33. g3 Rc4 34. Re1 Qxa2 35. Re8# 1-0

[Event "Late-Titled-Tuesday-Blitz-October-24-2023"]
[Site "Chess.com"]
[Date "2023.10.24"]
[Round "9"]
[White "topin8"]
[Black "Nf3c5"]
[Result "0-1"]
[WhiteElo "2464"]
[BlackElo "2634"]
[TimeControl "180+1"]
[EndTime "15:43:28 PDT"]
[Termination "Nf3c5 won on time"]

1. e4 e5 2. Nf3 Nc6 3. Bb5 a6 4. Ba4 d6 5. c3 Bd7 6. O-O Nge7 7. d4 Ng6 8. Re1 Be7 9. Nbd2 O-O 10. Nf1 b5 11. Bb3 exd4 12. cxd4 Bg4 13. Bd5 Bxf3 14. gxf3 Qd7 15. f4 Rae8 16. Be3 Nb4 17. Bb3 Nh4 18. f5 d5 19. f3 dxe4 20. fxe4 g6 21. Ng3 c5 22. a3 cxd4 23. axb4 Bxb4 24. Rf1 Bc5 25. Bf2 Qd6 26. Qg4 Nxf5 27. Nxf5 Qe5 28. Nh6+ Kg7 29.
Nf5+ Kh8 30. Ng3 d3 31. Bxc5 Qxc5+ 32. Kh1 Qb4 33. Ba2 f5 34. exf5 Qxg4 35. fxg6 hxg6 36. Bd5 Rxf1+ 37. Rxf1 d2 38. Bf3 Qxf3+ 0-1

[Event "Late-Titled-Tuesday-Blitz-October-24-2023"]
[Site "Chess.com"]
[Date "2023.10.24"]
[Round "9"]
[White "GlavkonVVS"]
[Black "PushingpawnsNYC"]
[Result "1/2-1/2"]
[WhiteElo "2517"]
[BlackElo "2363"]
[TimeControl "180+1"]
[EndTime "15:43:31 PDT"]
[Termination "Game drawn by repetition"]

1. c4 g6 2. Nc3 Bg7 3. Nf3 c5 4. d4 cxd4 5. Nxd4 Nc6 6. Nb3 Nf6 7. c5 O-O 8. e4 b6 9. cxb6 axb6 10. Be3 Ba6 11. Bxa6 Rxa6 12. O-O b5 13. Qd3 Qa8 14. Qxb5 Rb8 15. Qe2 Nb4 16. Nc5 Ra5 17. a3 d6 18.
Nb3 Nc6 19. Nxa5 Qxa5 20. b4 Qe5 21. Rac1 Nd8 22. f4 Qe6 23. Qd3 Ra8 24. a4 Qb3 25. b5 Ne6 26. Qc2 Qa3 27. Rfd1 Ng4 28. Bb6 Rb8 29.
a5 Rxb6 30. axb6 Qc5+ 31. Kh1 Nf2+ 32. Qxf2 Qxf2 33. Nd5 Nxf4 34. Nxf4 Qxf4 35. b7 Be5 36. b8=Q+ Kg7 37. g3 Qf3+ 38. Kg1 Qe3+ 39. Kf1 Qf3+ 40. Ke1 Qe3+ 41. Kf1 Qf3+ 42. Kg1 Qe3+ 43. Kg2 Qe2+ 44. Kh3 Qh5+ 45. Kg2 Qe2+ 46. Kg1 Qe3+ 1/2-1/2

[Event "Late-Titled-Tuesday-Blitz-October-24-2023"]
[Site "Chess.com"]
[Date "2023.10.24"]
[Round "9"]
[White "bylavochka"]
[Black "Zhbugnoimt"]
[Result "0-1"]
[WhiteElo "2360"]
[BlackElo "2541"]
[TimeControl "180+1"]
[EndTime "15:43:33 PDT"]
[Termination "Zhbugnoimt won on time"]

1. e4 c5 2. Nf3 d6 3. d4 cxd4 4.
Nxd4 Nf6 5. Nc3 a6 6. f3 e5 7. Nb3 Be6 8. Be3 Be7 9. Qd2 O-O 10. O-O-O Nbd7 11. Qf2 Rc8 12. g4 Rxc3 13. bxc3 Qc7 14. g5 Qxc3 15. gxf6 Nxf6 16. Qd2 Qc7 17. Bd3 Rc8 18. Kb1 d5 19. Bg5 dxe4 20. fxe4 b6 21. Rhg1 a5 22. a4 Qc6 23. Bxf6 Bxf6 24. Rdf1 Kf8 25.
Bb5 Qxe4 26. Rxf6 Bxb3 27. Rc6 Re8 28. Kb2 Bxa4 29. Qd6+ Kg8 30. Bxa4 Qxa4 31. Rd1 h6 32. Rc3 e4 33. Qa3 Qb5+ 34. Qb3 Qe5 35. Rd7 Rf8 36. Kb1 a4 37. Qb4 e3 38. Rdd3 e2 39. Rc4 e1=Q+ 40.
Qxe1 Qxe1+ 41. Kb2 b5 42. Rc7 Qe5+ 0-1

[Event "Late-Titled-Tuesday-Blitz-October-24-2023"]
[Site "Chess.com"]
[Date "2023.10.24"]
[Round "9"]
[White "Eloist"]
[Black "GianmarcoVaR"]
[Result "0-1"]
[WhiteElo "2439"]
[BlackElo "2674"]
[TimeControl "180+1"]
[EndTime "15:43:34 PDT"]
[Termination "GianmarcoVaR won by resignation"]

1. e4 c5 2. Nf3 a6 3. g3 d6 4. Bg2 b5 5. O-O Bb7 6. Qe2 Nf6 7. d3 e6 8. Nh4 Be7 9. f4 Nc6 10. c3 b4 11. Nd2 a5 12. Nc4 O-O 13. f5 d5 14. exd5 exd5 15. Ne5 Nxe5 16. Qxe5 Re8 17. Qf4 Bd6 18. Qf3 h6 19. Bf4 Re7 20. Rae1 d4 21. Qd1 Bxf4 22. Rxf4 bxc3 23. bxc3 Nd5 24. Rxe7 Qxe7 25.
Bxd5 Bxd5 26. c4 Bb7 27. f6 Qe3+ 28. Rf2 g6 29. Ng2 Bxg2 30. Kxg2 Re8 31. Qf3 Qxf3+ 32. Rxf3 a4 33. Kf2 a3 34. g4 g5 35. h4 Rb8 36.
hxg5 Rb2+ 37. Kg3 Rxa2 38. Rf5 Ra1 39. Rxc5 a2 40. Rc8+ Kh7 41. Ra8 Rg1+ 42. Kf2 a1=Q 43. Rxa1 Rxa1 0-1

[Event "Late-Titled-Tuesday-Blitz-October-24-2023"]
[Site "Chess.com"]
[Date "2023.10.24"]
[Round "9"]
[White "mbojan"]
[Black "tteshan"]
[Result "0-1"]
[WhiteElo "2751"]
[BlackElo "2538"]
[TimeControl "180+1"]
[EndTime "15:43:37 PDT"]
[Termination "tteshan won by resignation"]

1. e4 c5 2. Nf3 Nc6 3. d4 cxd4 4.
Nxd4 g6 5. Nc3 Bg7 6. Be3 Nf6 7. Nxc6 bxc6 8. e5 Ng8 9. Bd4 f6 10. Qe2 fxe5 11. Bxe5 Nf6 12. O-O-O O-O 13. Qe1 Qb6 14. Bc4+ d5 15. Bb3 Bb7 16. f3 a5 17. Na4 Qb5 18.
Qf1 Qxf1 19. Rhxf1 Nd7 20. Bxg7 Kxg7 21. Rfe1 e5 22.
Bc4 Rf4 23. b3 Ba6 24. Bxa6 Rxa6 25. c4 d4 26. Nb2 Ra8 27. Nd3 Rf5 28. Re4 Kf6 29.
Rde1 h5 30. f4 exf4 31. Re6+ Kg5 32. h4+ Kxh4 33. Rxg6 Rg5 34. Rh1+ Kg4 35. Rf6 Nxf6 36. Rf1 Rf5 37. Rf3 Re8 38. Nf2+ Kg5 39. Nh3+ Kh6 40.
Nxf4 Re4 41. g3 Ng4 42. Rd3 c5 43. a3 Ne3 44. b4 axb4 45. axb4 cxb4 46. Kb2 Nxc4+ 47.
Kb3 Ne5 48. Rd1 Re3+ 49. Kxb4 Rxg3 50. Ne6 Rf6 51. Nxd4 Nc6+ 0-1

[Event "Late-Titled-Tuesday-Blitz-October-24-2023"]
[Site "Chess.com"]
[Date "2023.10.24"]
[Round "9"]
[White "sergiochess83"]
[Black "Grischuk"]
[Result "1/2-1/2"]
[WhiteElo "2879"]
[BlackElo "2986"]
[TimeControl "180+1"]
[EndTime "15:43:39 PDT"]
[Termination "Game drawn by agreement"]

1. e4 c5 2. Nf3 d6 3. d4 cxd4 4. Nxd4 Nf6 5. Nc3 a6 6. Bd3 g6 7. f3 Bg7 8. Be3 Nbd7 9. Qd2 Ne5 10. O-O-O d5 11. Bh6 Nxd3+ 12. cxd3 Bxh6 13. Qxh6 e5 14. Nb3 d4 15. Nd5 Nxd5 16. exd5 Qxd5 17. Qg7 Rf8 18. Rhe1 f6 19. f4 Bg4 20. fxe5 O-O-O 21. Rd2 Rf7 22. Qh6 fxe5 23. Rc2+ Kb8 24. Qg5 Bf5 25. Rxe5 Qd6 26. Qg3 Bxd3 27. Rd5 Qxg3 28. Rxd8+ Ka7 29. hxg3 Rf1+ 30.
Kd2 Bxc2 31. Kxc2 Rf2+ 32. Nd2 Rxg2 33. Rxd4 Rxg3 34. Rd7 h5 35. Rh7 Rg4 36. Nf3 Rg2+ 37.
Nd2 Rg4 38. Kd3 h4 39. Ne4 g5 40. Rh5 Rg2 41. Kc3 Re2 42. Nxg5 Re5 43. Rxh4 Rxg5 1/2-1/2

[Event "Late-Titled-Tuesday-Blitz-October-24-2023"]
[Site "Chess.com"]
[Date "2023.10.24"]
[Round "9"]
[White "financieru"]
[Black "Deeper44"]
[Result "0-1"]
[WhiteElo "2396"]
[BlackElo "2547"]
[TimeControl "180+1"]
[EndTime "15:43:39 PDT"]
[Termination "Deeper44 won by resignation"]

1. d4 Nf6 2. c4 g6 3. Nc3 Bg7 4. e4 d6 5. f3 O-O 6. Be3 c6 7. Bd3 a6 8. Nge2 b5 9. cxb5 axb5 10. b4 e5 11. O-O Be6 12. a4 bxa4 13. Rxa4 Nbd7 14. Qa1 Bb3 15. Rxa8 Qxa8 16. Qb2 Be6 17. Ra1 Qb7 18. b5 exd4 19. Nxd4 cxb5 20. Qxb5 Qxb5 21.
Ncxb5 Nc5 22. Be2 d5 23. Nxe6 Nxe6 24. e5 Nh5 25. Rd1 Rd8 26. Bb6 Rb8 27. Bc7 Rxb5 28.
Bd6 Rb2 29. Bd3 Nhf4 30. g3 Nxd3 31. Rxd3 d4 32. f4 Bf8 33. Bxf8 Kxf8 34. Ra3 Kg7 35. Ra7 h5 36. Rd7 Rc2 37. h3 Rc3 38. Kg2 h4 39. g4 Nxf4+ 40. Kf2 Nxh3+ 41. Ke2 Nf4+ 42. Kd2 Ne6 43. Rd6 Rg3 0-1

[Event "Late-Titled-Tuesday-Blitz-October-24-2023"]
[Site "Chess.com"]
[Date "2023.10.24"]
[Round "9"]
[White "chesspreceptor"]
[Black "ItalianMachine"]
[Result "1-0"]
[WhiteElo "2637"]
[BlackElo "2454"]
[TimeControl "180+1"]
[EndTime "15:43:41 PDT"]
[Termination "chesspreceptor won on time"]

1. d4 Nf6 2. Nc3 d5 3. Bg5 c5 4. e3 cxd4 5. exd4 Nc6 6. Qd2 g6 7. h4 Bg7 8. Be2 h6 9. Bf4 a6 10. O-O-O b5 11. f3 Nh5 12. Be3 Ng3 13. Rh2 Nf5 14. h5 g5 15. f4 g4 16. Re1 Nxe3 17. Qxe3 Nxd4 18. Bd3 O-O 19. Nge2 Nxe2+ 20. Nxe2 e6 21.
g3 f5 22. Nd4 Rf6 23. Rhe2 Bd7 24. Kb1 Rc8 25. Nb3 Qc7 26. Qd4 a5 27. Qe5 Qb6 28.
Qd4 Qc7 29. Qf2 Rff8 30. Nd4 Qb6 31. Nxe6 Qxf2 32. Rxf2 Bxe6 33. Rxe6 Rce8 34. Rfe2 Rxe6 35. Rxe6 Bd4 36. Rxh6 Kg7 37. Rg6+ Kh7 38. c3 Bf2 39. Rd6 Bxg3 40. Rxd5 Bxf4 41. Bxf5+ Kh6 42. Bxg4 Bg5 43.
Rxb5 Rf4 44. Bd1 Bf6 45. Rxa5 Rf1 46. Kc2 Rf2+ 47. Kb3 Kg7 48. Bc2 1-0

[Event "Late-Titled-Tuesday-Blitz-October-24-2023"]
[Site "Chess.com"]
[Date "2023.10.24"]
[Round "9"]
[White "Chessdreamer2020"]
[Black "MaxLeto"]
[Result "1-0"]
[WhiteElo "2499"]
[BlackElo "2553"]
[TimeControl "180+1"]
[EndTime "15:43:41 PDT"]
[Termination "Chessdreamer2020 won on time"]

1. e4 c5 2. Nf3 d6 3. Bb5+ Nd7 4.
a4 a6 5. Be2 b6 6. d4 cxd4 7. Qxd4 Bb7 8. Nc3 e6 9. O-O Ne7 10. Rd1 Nc6 11. Qe3 Be7 12. Nd2 Qc7 13. Nc4 Nce5 14. Nxe5 dxe5 15. Qg3 O-O 16. Bh6 Bf6 17.
Rd3 Kh8 18. Bg5 Nc5 19. Bxf6 gxf6 20. Qh4 Nxd3 21. Qxf6+ Kg8 22. Qg5+ Kh8 23. Qf6+ Kg8 24. Bxd3 Rfd8 25. Re1 Kf8 26. Re3 Ke8 27. Rg3 Qe7 28. Qxe5 Kd7 29. Nb5 Rac8 30. Qd4+ Kc6 31. Na7+ Kc7 32. Nxc8 Bxc8 33. Qe5+ Kb7 34. a5 bxa5 35. Rg7 a4 36. Qa5 Rd7 37. Qxa4 h5 38. h3 Qc5 39. Qb3+ Ka7 40. Rg8 Bb7 41. Qa4 Rc7 42. Rd8 f5 43. b4 1-0